 Dungeon Crawl Stone Soup version 0.22.0-18-ge075c0de6d (webtiles) character file.

3310 Execuda the Fighter (level 9, -2/85 HPs)
             Began as a White Draconian Berserker on Aug 19, 2018.
             Was an Elder of Trog.
             Slain by endorz's ghost (25 damage)
             ... on level 7 of the Dungeon.
             The game lasted 00:09:59 (5752 turns).

Execuda the Fighter (White Draconian Berserker)     Turns: 5752, Time: 00:10:00

Health: -2/85      AC: 11    Str: 22    XL:     9   Next: 70%
Magic:  9/9        EV: 11    Int:  7    God:    Trog [****..]
Gold:   276        SH: 14    Dex: 14    Spells: 8/8 levels left

rFire    . . .     SeeInvis .   a - +0 war axe
rCold    + . .     Gourm    .   v - +0 large shield
rNeg     . . .     Faith    .   (armour unavailable)
rPois    .         Spirit   .   (helmet restricted)
rElec    .         Reflect  .   h - +1 cloak
rCorr    .         Harm     .   o - +0 pair of gloves
MR       .....                  z - +0 pair of boots
Stlth    ++........             y - amulet of the acrobat
HPRegen  0.24/turn              g - ring of stealth
MPRegen  0.11/turn              (no ring)

@: berserk cooldown, slowed, very slow
A: breathe frost, unfitting armour, cold resistance 1, strong 1, evolution 1,
cold-blooded, AC +7
a: Breathe Frost, Berserk, Trog's Hand, Brothers in Arms, Renounce Religion


You were on level 7 of the Dungeon.
You worshipped Trog.
Trog was greatly pleased with you.
You were near starving.

You visited 1 branch of the dungeon, and saw 7 of its levels.

You collected 343 gold pieces.
You spent 67 gold pieces at shops.

Inventory:

Hand Weapons
 a - a +0 war axe (weapon)
Missiles
 t - 50 arrows
Armour
 h - a +1 cloak (worn)
 o - a +0 pair of gloves (worn)
 v - a +0 large shield (worn)
 z - a +0 pair of boots (worn)
Jewellery
 g - a ring of stealth (left hand)
 y - an amulet of the acrobat (around neck)
Wands
 w - a wand of iceblast (9)
Scrolls
 f - 2 scrolls of teleportation
 i - a scroll of random uselessness {unknown}
 j - 2 scrolls of remove curse
 l - 2 scrolls of magic mapping
 q - a scroll of enchant weapon
 r - a scroll of noise {unknown}
 x - a scroll of identify
 B - a scroll of fear
Potions
 c - a potion of haste {unknown}
 d - 4 potions of curing
 e - 2 potions of berserk rage
 k - 2 potions of lignification
 n - a potion of agility {unknown}
 p - 2 potions of mutation
 u - 2 potions of invisibility
 A - a potion of might {unknown}
Comestibles
 s - 11 rations


   Skills:
 * Level 9.8 Fighting
 * Level 9.0 Axes
 + Level 6.0 Dodging
 + Level 3.5 Shields


You had 8 spell levels left.
You didn't know any spells.
Your spell library was empty.

Dungeon Overview and Level Annotations

Branches:
Dungeon (7/15)             Temple (0/1) D:4

Altars:
Ashenzari
Elyvilon
Gozag
Hepliaklqana
Okawaru
Qazlal
Sif Muna
Trog
Uskayaw
Wu Jian
Xom

Shops:
D:5 ([

Annotations:
D:6 2 transporters, Gorg's ghost, novice HOFi
D:7 Eurus's ghost, novice DrTm; Fv001's ghost, novice SpAs; endorz's ghost, novice TrBe


Innate Abilities, Weirdness & Mutations

You can breathe waves of freezing cold.
You can buffet flying creatures when you breathe cold.
Your icy white scales are hard. (AC +7)
You cannot fit into any form of body armour.
Your flesh is cold resistant. (rC+)
You are cold-blooded and may be slowed by cold attacks.
Your muscles are strong. (Str +2)
You evolve.


Message History

Endorz's ghost barely misses you. Eurus's ghost hits you.
Fv001's ghost hits you! Endorz's ghost barely misses you.
You are too injured to fight recklessly!
You barely miss endorz's ghost. You tail-slap endorz's ghost.
Endorz's ghost is almost destroyed.
You hit Eurus's ghost. You miss Fv001's ghost. Your ogre misses endorz's ghost.
You block Eurus's ghost's attack. Fv001's ghost hits you.
Your ogre closely misses endorz's ghost.
Endorz's ghost barely misses you. Eurus's ghost hits you.
Fv001's ghost whispers, "There is no future for you."
You block Fv001's ghost's attack.
You closely miss endorz's ghost.
Endorz's ghost is almost destroyed.
You closely miss Eurus's ghost. You hit Fv001's ghost but do no damage.
Your ogre misses endorz's ghost. You block endorz's ghost's attack.
Your ogre barely misses endorz's ghost.
Eurus's ghost barely misses you. Fv001's ghost hits you.
* * * LOW HITPOINT WARNING * * *
Endorz's ghost hits you!!
You die...

.#.####........## #.#.#.....>.#
...............#####.#.##......#
...#####..####.................#
#..# ###).......<..............#
#.## #...####..............(...#
...# #.### #..................#
...# #)# ##.................#
.#.###.# ####...........#######
.#..##)####....O@W.......#
.##...)....####'WW####...#
.##...)....#(.......%#...#
.###......##8.......8##### .#
#.....###?.......$# ## #######
#(.......(# ##8.....8##
##?P⌠P.##


You could see Eurus's ghost, Fv001's ghost, endorz's ghost and a friendly ogre
(berserk).

Vanquished Creatures
  The ghost of Enish the Shield-Bearer, a novice DDFi of Makhleb (D:7)
  The ghost of marsu the Chopper, an amateur GnCK of Xom (D:4)
  2 water moccasins (D:6)
  2 orc warriors
  3 phantoms
  4 ogres
  2 centaurs
  4 bullfrogs
  A water moccasin skeleton (D:5)
  2 scorpions
  4 howler monkeys
  2 crimson imps
  2 hounds
  2 centaur zombies (D:6)
  2 orc priests
  A bullfrog skeleton (D:4)
  10 orc wizards
  6 worker ants
  A hound skeleton (D:6)
  4 gnolls (D:4)
  6 adders
  2 shadow imps
  An ooze (D:3)
  An adder skeleton (D:5)
  2 worms
  A dart slug (D:2)
  5 leopard geckos
  25 orcs
  3 ball pythons
  9 giant cockroaches
  8 goblins
  3 hobgoblins
  8 jackals
  11 kobolds
  4 quokkas
  5 bats
  6 frilled lizards
  A leopard gecko skeleton (D:4)
  A quokka skeleton (D:6)
  11 rats
169 creatures vanquished.

Vanquished Creatures (others)
  A goblin (D:2)
1 creature vanquished.

Grand Total: 170 creatures vanquished

Notes
Turn   | Place    | Note
-------+----------+-------------------------------------------
     0 | D:1      | Execuda the Draconian Berserker began the quest for the Orb.
     0 | D:1      | Reached XP level 1. HP: 19/19 MP: 1/1
   401 | D:1      | Reached XP level 2. HP: 25/26 MP: 2/2
   963 | D:2      | Reached XP level 3. HP: 33/33 MP: 3/3
  1098 | D:2      | Reached ** piety under Trog
  1206 | D:2      | Found a white marble altar of Elyvilon.
  1450 | D:3      | Reached XP level 4. HP: 40/40 MP: 4/4
  1524 | D:3      | Found a hide-covered altar of Uskayaw.
  1638 | D:3      | Reached XP level 5. HP: 46/47 MP: 5/5
  1820 | D:4      | Reached skill level 5 in Fighting
  1882 | D:4      | Found an opulent altar of Gozag.
  1894 | D:4      | Reached XP level 6. HP: 56/56 MP: 6/6
  2056 | D:4      | Reached skill level 5 in Axes
  2349 | D:4      | Found a staircase to the Ecumenical Temple.
  2379 | D:4      | Found an iron altar of Okawaru.
  2391 | D:4      | Reached *** piety under Trog
  2613 | D:4      | Your scales start taking on an icy white colour.
  2613 | D:4      | Reached XP level 7. HP: 38/63 MP: 7/7
  2613 | D:4      | Gained mutation: Your flesh is cold resistant. (rC+) [White Draconian growth]
  2964 | D:4      | Found a runed door.
  2965 | D:4      | Noticed marsu's ghost (amateur GnCK)
  3010 | D:4      | Killed marsu's ghost
  3088 | D:4      | Found a stormy altar of Qazlal.
  3149 | D:5      | Entered Level 5 of the Dungeon
  3269 | D:5      | Reached XP level 8. HP: 53/73 MP: 8/8
  3507 | D:5      | Found Idghuc Minka's Weapon Emporium.
  3862 | D:5      | Gained mutation: Your muscles are strong. (Str +2) [potion of mutation]
  3862 | D:5      | Gained mutation: You evolve. [potion of mutation]
  3895 | D:5      | Found Wimn's Armour Shoppe.
  3901 | D:5      | Bought a +0 large shield for 67 gold pieces
  4070 | D:6      | Reached skill level 5 in Dodging
  4382 | D:6      | Reached skill level 1 in Shields
  4417 | D:6      | Found a transporter.
  4418 | D:6      | Noticed Gorg's ghost (novice HOFi)
  4420 | D:6      | Found a transporter.
  4824 | D:6      | Reached XP level 9. HP: 82/82 MP: 9/9
  4898 | D:6      | Reached **** piety under Trog
  4940 | D:7      | Found a runed gate.
  4940 | D:7      | Found a runed gate.
  4940 | D:7      | Found a runed gate.
  5015 | D:7      | Found a shattered altar of Ashenzari.
  5199 | D:7      | Found a hide-covered altar of Uskayaw.
  5201 | D:7      | Found a hazy altar of Hepliaklqana.
  5201 | D:7      | Found a shimmering altar of Xom.
  5203 | D:7      | Found a stormy altar of Qazlal.
  5203 | D:7      | Found a hazy altar of Hepliaklqana.
  5203 | D:7      | Found a hazy altar of Hepliaklqana.
  5449 | D:7      | Found a bloodstained altar of Trog.
  5584 | D:7      | Noticed Fv001's ghost (novice SpAs)
  5585 | D:7      | Noticed endorz's ghost (novice TrBe)
  5585 | D:7      | Noticed Enish's ghost (novice DDFi)
  5585 | D:7      | Noticed Eurus's ghost (novice DrTm)
  5648 | D:7      | Found a deep blue altar of Sif Muna.
  5648 | D:7      | Found an ornate altar of the Wu Jian Council.
  5739 | D:7      | Killed Enish's ghost
  5752 | D:7      | Slain by endorz's ghost

Skill      XL: |  1  2  3  4  5  6  7  8  9 |
---------------+----------------------------+-----
Dodging        | 3 4 5 6 |  6.0
Fighting       | 4 5 6 7 8 9 |  9.8
Axes           | 4 5 6 7 9 |  9.0
Shields        | 2 3 |  3.5

Action                   |  1- 3 |  4- 6 |  7- 9 || total
-------------------------+-------+-------+-------++-------
Melee: Hand axe          |    65 |    10 |       ||    75
       Tailslap          |    22 |    16 |    50 ||    88
       Whip              |    75 |       |       ||    75
       War axe           |       |   113 |   276 ||   389
Invok: Berserk           |     2 |     3 |     9 ||    14
       Trog's Hand       |     1 |       |     5 ||     6
       Brothers in Arms  |       |       |     1 ||     1
 Abil: Breathe Frost     |       |       |     9 ||     9
  Use: Scroll            |     7 |       |     4 ||    11
       Potion            |       |       |     1 ||     1
 Stab: Sleeping          |     1 |     3 |     6 ||    10
  Eat: Chunk             |     3 |     8 |    21 ||    32
Armor: Skin              |    57 |    35 |    71 ||   163
Dodge: Dodged            |   110 |    86 |   130 ||   326
Block: Large shield      |       |       |   139 ||   139
